Map: Defender's Landing LE

Players

SubtleNL

  • Race: Terran Terran
  • League: Master
  • Spawn Location: 7:00

JPlex - Winner!

  • Race: Protoss Protoss
  • League: Diamond
  • Spawn Location: 1:00

VOD

Have the link to the VOD?

Description

Time

  • Played on: June 12, 2017, 1:52 p.m.
  • Length: 18:41
Show
View Real Time Build Order
Export as new Build Order

SubtleNL Terran 

Build Orders:  

Get SALT Encoding   

  12  0:01  SCV  
  13  0:13  SCV  
  14  0:22  Supply Depot  
  14  0:25  SCV  
  15  0:43  SCV  
  15  0:44  Barracks, Refinery  
  16  0:52  Supply Depot  
  16  0:55  SCV  
  17  1:07  SCV  
  17  1:09  Refinery  
  18  1:21  SCV  
  19  1:36  Barracks  
  19  1:40  Supply Depot  
  19  1:57  Marine  
  20  2:06  Supply Depot  
  20  2:15  Marine  
  21  2:24  Barracks Tech Lab  
  21  2:33  Orbital Command, Marine  
  22  2:49  Marauder  
  23  3:02  SCV  
  23  3:11  Marauder  
  21  3:24  Marine  
  20  3:32  Marauder  
  18  4:00  Marauder, Marine  
  21  4:18  Marine  
  21  4:21  Marauder  
  22  4:37  Marine  
  23  4:40  Orbital Command  
  23  4:42  Marauder  
  25  4:59  Marine  
  26  5:14  SCV  
  26  5:27  SCV  
  22  5:39  SCV  
  22  5:40  Marauder  
  25  5:58  Marine  
  25  5:59  SCV  
  25  6:02  Marauder  
  26  6:16  Marine  
  27  6:18  SCV  
  27  6:23  Engineering Bay, Marauder  
  30  6:30  SCV  
  31  6:35  Marine  
  28  6:43  SCV  
  28  6:44  Marine  
  28  6:52  Marine  
  28  6:53  Missile Turret  
  26  6:55  SCV  
  25  7:04  Marine  
  25  7:07  SCV  
  27  7:10  Marine  
  28  7:19  SCV  
  28  7:22  Marine  
  29  7:28  Marine  
  29  7:29  Bunker  
  31  7:42  Supply Depot  
  31  7:56  Barracks Reactor  
  31  8:01  Factory  
  31  8:03  SCV  
  31  8:04  Supply Depot  
  31  8:15  SCV  
  32  8:27  SCV  
  32  8:28  Marine  
  34  8:35  Refinery  
  34  8:36  Marine x2  
  34  8:39  SCV  
  37  8:54  Marine x2  
  36  9:01  Barracks Tech Lab  
  36  9:04  Factory Reactor  
  36  9:05  SCV, Barracks  
  36  9:07  Starport  
  37  9:12  Marine  
  37  9:14  Terran Infantry Weapons Level 1  
  39  9:17  SCV  
  39  9:21  Marine  
  39  9:22  Marine  
  41  9:29  SCV  
  42  9:33  Stimpack  
  42  9:39  Marine x2  
  42  9:41  SCV  
  42  9:45  Marine  
  46  9:55  Supply Depot  
  46  9:59  Barracks Reactor  
  46  10:01  SCV  
  47  10:16  Marine  
  47  10:17  SCV, Medivac, Widow Mine  
  47  10:18  Supply Depot  
  47  10:20  Widow Mine  
  55  10:39  Marine x4  
  59  10:55  Marine  
  60  10:57  Marine  
  60  11:04  Marine x2  
  63  11:05  Command Center  
  63  11:17  Missile Turret  
  63  11:32  Widow Mine x2, Supply Depot, SCV  
  68  11:37  Combat Shields  
  68  11:45  SCV  
  68  11:52  Marine x3  
  71  12:14  Marine x5  
  50  12:28  SCV  
  50  12:29  Orbital Command  
  51  12:31  Marine  
  52  12:40  SCV  
  52  12:43  Marine x2  
  55  12:44  Marine  
  55  12:45  Marine  
  57  12:52  Terran Infantry Armor Level 1  
  57  12:53  SCV  
  57  12:56  SCV  
  59  13:09  SCV  
  59  13:10  SCV  
  61  13:17  Command Center, Marine  
  62  13:22  SCV  
  63  13:37  Marine x2  
  63  13:41  SCV x2  
  61  13:49  Marine x3  
  61  13:53  SCV  
  65  13:55  Concussive Shells  
  65  13:56  Marine x2  
  65  14:00  Barracks  
  65  14:02  Barracks, Armory  
  67  14:05  Engineering Bay  
  67  14:07  Marine x2  
  67  14:09  Starport Reactor  
  69  14:12  Marine  
  70  14:21  SCV  
  70  14:23  Marine x2  
  70  14:24  SCV, Marine  
  74  14:30  Orbital Command  
  75  14:33  SCV  
  75  14:38  Missile Turret, Marine x2  
  77  14:52  Marine x3  
  70  14:53  Marine x2  
  70  14:55  Marine  
  70  14:56  Marine  
  68  15:01  SCV x2  
  69  15:10  Marine x4  
  69  15:11  Marine  
  69  15:13  Marine  
  66  15:23  Marine  
  66  15:28  Marine x5  
  65  15:37  Marine  
  65  15:41  Marine  
  59  15:45  Marine  
  59  15:46  Marine x3  
  59  15:49  SCV  
  59  15:50  SCV  
  57  16:07  Marine, Barracks Reactor x2  
  57  16:08  Marine x2  
  57  16:10  SCV  
  60  16:23  Marine x2  
  61  16:25  Marine  
  61  16:26  Marine  
  63  16:37  Marine  
  61  16:41  Marine x2  
  61  16:42  Orbital Command  
  61  16:44  Marine x3  
  61  16:45  Marine x3  
  68  16:54  Marine  
  68  16:55  Medivac x2  
  73  17:08  Marine x2  
  73  17:11  Marine  
  73  17:15  SCV  
  77  17:20  SCV  
  78  17:27  SCV  
  79  17:33  Medivac x2  
  83  17:40  SCV x2  
  79  18:10  Marine  
  79  18:11  SCV  
  79  18:12  Marine x2  
  79  18:14  Marine  
  79  18:18  Marine x2  
  79  18:19  Marine  
Show
View Real Time Build Order
Export as new Build Order

JPlex Protoss - Winner!

Build Orders: Cannon Rush 

Get SALT Encoding   

  12  0:01  Probe (Chrono Boost)  
  13  0:12  Probe (Chrono Boost)  
  14  0:26  Pylon  
  14  0:27  Probe (Chrono Boost)  
  15  0:44  Forge, Probe (Chrono Boost)  
  16  0:53  Pylon  
  16  1:09  Pylon  
  16  1:13  Pylon  
  16  1:22  Photon Cannon  
  16  1:24  Photon Cannon  
  16  1:38  Pylon  
  16  1:42  Pylon  
  16  1:47  Photon Cannon  
  16  1:57  Photon Cannon  
  16  2:01  Pylon  
  16  2:06  Photon Cannon, Probe (Chrono Boost)  
  17  2:16  Gateway  
  17  2:28  Photon Cannon  
  17  2:40  Photon Cannon  
  17  2:45  Photon Cannon  
  17  2:51  Photon Cannon  
  17  2:56  Probe (Chrono Boost)  
  18  2:59  Assimilator  
  18  3:05  Assimilator  
  18  3:21  Photon Cannon  
  18  3:28  Photon Cannon  
  18  3:39  Photon Cannon  
  18  3:42  Photon Cannon  
  18  3:49  Photon Cannon  
  18  3:53  Probe (Chrono Boost)  
  19  4:04  Pylon  
  19  4:13  Photon Cannon  
  20  4:17  Probe (Chrono Boost)  
  20  4:22  Cybernetics Core  
  20  4:31  Photon Cannon  
  20  4:57  Probe (Chrono Boost)  
  21  5:03  Stargate  
  21  5:07  Pylon  
  21  5:08  Probe (Chrono Boost)  
  22  5:19  Probe (Chrono Boost)  
  23  5:29  Probe (Chrono Boost)  
  24  5:40  Probe (Chrono Boost)  
  24  5:41  Oracle  
  25  5:43  Pylon  
  28  5:54  Mothership Core (Chrono Boost)  
  30  6:14  Probe (Chrono Boost)  
  32  6:26  Probe (Chrono Boost)  
  32  6:31  Photon Cannon  
  32  6:38  Probe (Chrono Boost)  
  33  6:42  Nexus  
  33  6:50  Probe (Chrono Boost)  
  35  7:02  Probe (Chrono Boost)  
  35  7:05  Pylon  
  35  7:06  Pylon  
  35  7:09  Void Ray  
  35  7:13  Warp Gate  
  35  7:14  Probe (Chrono Boost)  
  40  7:26  Probe (Chrono Boost)  
  40  7:29  Photon Cannon  
  42  7:38  Probe (Chrono Boost)  
  42  7:46  Void Ray  
  43  7:51  Probe (Chrono Boost)  
  47  8:01  Fleet Beacon  
  47  8:03  Probe (Chrono Boost)  
  50  8:20  Probe (Chrono Boost)  
  50  8:21  Probe (Chrono Boost)  
  50  8:30  Probe (Chrono Boost)  
  50  8:33  Probe (Chrono Boost)  
  52  8:37  Assimilator  
  52  8:40  Assimilator  
  52  8:41  Probe (Chrono Boost)  
  53  9:04  Nexus  
  53  9:08  Graviton Catapult  
  53  9:10  Probe (Chrono Boost)  
  53  9:11  Probe (Chrono Boost)  
  55  9:24  Probe (Chrono Boost)  
  56  9:36  Probe (Chrono Boost)  
  57  9:40  Pylon  
  57  9:42  Pylon  
  57  9:48  Probe (Chrono Boost)  
  57  9:51  Gateway  
  58  9:53  Gateway  
  59  10:00  Carrier, Probe (Chrono Boost)  
  59  10:04  Pylon  
  59  10:12  Probe (Chrono Boost)  
  66  10:17  Photon Cannon  
  66  10:18  Probe (Chrono Boost)  
  66  10:20  Photon Cannon, Probe (Chrono Boost)  
  68  10:24  Probe (Chrono Boost)  
  68  10:25  Protoss Air Weapons Level 1  
  69  10:29  Probe (Chrono Boost)  
  69  10:30  Probe (Chrono Boost)  
  72  10:36  Probe (Chrono Boost)  
  72  10:43  Assimilator  
  72  10:44  Probe (Chrono Boost)  
  72  10:45  Assimilator, Probe (Chrono Boost)  
  72  10:46  Adept  
  72  10:48  Adept x2  
  81  10:50  Probe (Chrono Boost)  
  81  10:58  Probe (Chrono Boost), Stargate  
  81  11:01  Probe (Chrono Boost)  
  81  11:03  Probe (Chrono Boost)  
  84  11:08  Probe (Chrono Boost)  
  85  11:11  Probe (Chrono Boost)  
  85  11:15  Probe (Chrono Boost)  
  87  11:26  Phoenix, Adept x3  
  87  11:28  Probe (Chrono Boost)  
  87  11:29  Probe (Chrono Boost)  
  97  11:39  Pylon  
  97  11:40  Photon Cannon  
  97  11:43  Photon Cannon  
  97  11:46  Photon Cannon  
  95  11:51  Photon Cannon  
  95  11:52  Photon Cannon  
  94  11:55  Photon Cannon  
  87  12:12  Adept  
  87  12:13  Adept x2  
  84  12:21  Probe (Chrono Boost)  
  84  12:22  Probe (Chrono Boost)  
  83  12:23  Carrier x2, Probe (Chrono Boost)  
  95  12:32  Probe x2 (Chrono Boost)  
  95  12:35  Probe (Chrono Boost)  
  98  12:42  Probe (Chrono Boost)  
  98  12:43  Nexus  
  99  12:45  Pylon  
  99  12:48  Stargate  
  99  12:52  Stargate  
  99  12:57  Protoss Air Armor Level 1  
  99  13:01  Probe x2 (Chrono Boost)  
  99  13:03  Probe (Chrono Boost)  
  102  13:09  Protoss Shields Level 1  
  102  13:12  Probe x2 (Chrono Boost)  
  104  13:15  Probe (Chrono Boost)  
  105  13:22  Probe (Chrono Boost)  
  105  13:23  Mothership Core (Chrono Boost)  
  105  13:24  Pylon  
  107  13:27  Probe (Chrono Boost)  
  107  13:33  Probe (Chrono Boost)  
  108  13:39  Probe (Chrono Boost)  
  108  13:41  Probe (Chrono Boost), Adept x3  
  100  13:49  Carrier x3  
  100  13:53  Probe (Chrono Boost)  
  100  13:54  Probe (Chrono Boost)  
  100  13:55  Probe (Chrono Boost)  
  121  14:09  Stargate  
  121  14:10  Robotics Facility  
  121  14:13  Probe x2 (Chrono Boost)  
  121  14:14  Probe (Chrono Boost)  
  121  14:15  Adept  
  121  14:16  Adept x2  
  128  14:36  Probe (Chrono Boost)  
  128  14:38  Probe (Chrono Boost)  
  130  14:39  Photon Cannon  
  130  14:40  Probe x2 (Chrono Boost)  
  130  14:42  Photon Cannon  
  130  14:45  Photon Cannon  
  130  14:47  Probe (Chrono Boost)  
  130  14:50  Assimilator, Probe x2 (Chrono Boost)  
  123  14:53  Assimilator  
  123  15:14  Carrier  
  123  15:15  Carrier x2  
  141  15:34  Probe x3 (Chrono Boost)  
  145  15:36  Probe (Chrono Boost)  
  141  16:32  Photon Cannon  
  141  16:34  Photon Cannon  
  141  16:50  Pylon  
  141  16:52  Pylon  
  141  16:53  Pylon  
  141  17:04  Nexus  
  141  17:05  Pylon x2  
  141  17:07  Carrier  
  141  17:08  Probe (Chrono Boost)  
  148  17:10  Carrier x2, Observer, Probe x2 (Chrono Boost)  
  148  17:12  Probe (Chrono Boost)  
  148  17:13  Pylon  
  164  17:15  Pylon  
  164  17:23  Probe x3 (Chrono Boost)  
  164  17:25  Probe (Chrono Boost)  
  180  17:34  Probe x3 (Chrono Boost)  
  184  17:37  Probe (Chrono Boost)  
  184  17:44  Probe (Chrono Boost)  
  184  17:49  Probe (Chrono Boost)  
  184  17:50  Stalker x2  
  184  17:51  Stalker  
Tags
 
Add a new tag
Caveats
  • Supply blocks, unpowered buildings, or Contaminate may cause inaccurate times.
  • Supply counts are checked every 10 seconds.